 Dungeon Crawl Stone Soup version 0.23.2-1-ga50397a (webtiles) character file.

Game seed: 12955096717927535157

70 MalarOregon the Poker (level 4, -4/37 HPs)
             Began as a Merfolk Skald on May 14, 2019.
             Slain by Terence
             ... wielding a +0 flail
              (8 damage)
             ... on level 3 of the Dungeon.
             The game lasted 00:01:55 (1175 turns).

MalarOregon the Poker (Merfolk Skald)               Turns: 1175, Time: 00:01:55

Health: -4/37      AC:  5    Str: 12    XL:     4   Next: 21%
Magic:  7/7        EV: 18    Int: 12    God:
Gold:   87         SH:  0    Dex: 18    Spells: 6/7 levels left

rFire    . . .     SeeInvis .   a - +0 spear
rCold    . . .     Gourm    .   (no shield)
rNeg     . . .     Faith    .   b - +0 leather armour
rPois    .         Spirit   .   d - +0 hat
rElec    .         Reflect  .   (no cloak)
rCorr    +         Harm     .   h - +0 pair of gloves
MR       .....                  j - +0 pair of boots
Stlth    ++........             (no amulet)
HPRegen  0.12/turn              l - ring of resist corrosion
MPRegen  0.10/turn              (no ring)

@: agile
A: change form in water, swift swim, stealthy swim
a: no special abilities


You were on level 3 of the Dungeon.
You were not hungry.

You visited 1 branch of the dungeon, and saw 3 of its levels.

You collected 87 gold pieces.

Inventory:

Hand Weapons
 a - a +0 spear (weapon)
Armour
 b - a +0 leather armour (worn)
 d - a +0 hat (worn)
   (You found it on level 1 of the Dungeon)
 h - a +0 pair of gloves (worn)
   (You found it on level 1 of the Dungeon)
 j - a +0 pair of boots (worn)
   (You found it on level 1 of the Dungeon)
Jewellery
 l - a ring of resist corrosion (left hand)
   (You found it on level 1 of the Dungeon)
Scrolls
 p - 2 scrolls of teleportation {unknown}
 r - 2 scrolls of remove curse {unknown}
 s - a scroll of enchant armour {unknown}
 t - a scroll of fog {unknown}
 u - 4 scrolls of identify {@r1}
Potions
 f - a potion of invisibility {unknown}
 g - 3 potions of curing {@q1}
 i - a potion of might {unknown}
 k - a potion of lignification {unknown}
 m - a potion of heal wounds {unknown}
 n - 2 potions of haste {unknown}
 o - a potion of berserk rage {unknown}
Comestibles
 c - 11 chunks of flesh
 e - 3 rations {!d}


   Skills:
 + Level 3.7 Fighting
 + Level 4.9 Polearms
 - Level 0.6 Armour
 - Level 2.6 Dodging
 - Level 2.0 Spellcasting
 - Level 3.2 Charms


You had 6 spell levels left.
You knew the following spells:

 Your Spells              Type           Power        Failure   Level  Hunger
a - Infusion              Chrm           #...         9%          1    ##.....

Your spell library contained the following spells:

 Spells                   Type           Power        Failure   Level  Hunger
 Song of Slaying          Chrm           #.......     14%         2    ###....
 Shroud of Golubria       Chrm/Tloc      #.........   26%         2    ###....
 Regeneration             Chrm/Necr      #.........   47%         3    ####...
 Spectral Weapon          Hex/Chrm       #.......     47%         3    ####...


Dungeon Overview and Level Annotations

Branches:
Dungeon (3/15)

Altars:
Nemelex Xobeh

Annotations:
D:3 Terence


Message History

You now have 87 gold pieces (gained 8).
r - 2 scrolls labeled JUTWUS JEAMOME (gained 1)
Found a shiny buckler.
Found a fizzy emerald potion.
Found a glass ring.
Found a stone staircase leading down.
Found a green potion.
Found a robe, a ration and a chain mail.
u - 4 scrolls of identify {@r1} (gained 3)
Found a ration and 9 gold pieces.
Terence the Incautious comes into view.
He is wielding a +0 flail.
Terence shouts!
Found a ration.
Attack whom?
Aim: Terence, wielding a +0 flail and wearing a +0 scale mail You reach to attack!
You closely miss Terence. You hit Terence but do no damage. Terence misses you.
You closely miss Terence. You hit Terence but do no damage.
Terence hits you with a +0 flail.
You closely miss Terence. Terence hits you but does no damage.
You hit Terence. Terence hits you with a +0 flail.
You barely miss Terence. You hit Terence but do no damage.
Terence closely misses you.
You hit Terence but do no damage. Terence hits you with a +0 flail.
You hit Terence. You hit Terence but do no damage. Terence barely misses you.
You hit Terence but do no damage. Terence misses you.
You hit Terence. Terence hits you with a +0 flail.
You barely miss Terence. You closely miss Terence. Terence barely misses you.
You barely miss Terence. Terence hits you with a +0 flail!
You barely miss Terence. Terence barely misses you.
You barely miss Terence. You hit Terence but do no damage.
Terence hits you with a +0 flail.
* * * LOW HITPOINT WARNING * * *
You hit Terence but do no damage. Terence hits you with a +0 flail.
* * * LOW HITPOINT WARNING * * *
You hit Terence. You hit Terence but do no damage.
Terence hits you but does no damage.
You hit Terence but do no damage. Terence barely misses you.
You hit Terence but do no damage.
You feel agile all of a sudden. Terence completely misses you.
You barely miss Terence. Terence closely misses you.
You hit Terence but do no damage. Terence hits you with a +0 flail.
* * * LOW HITPOINT WARNING * * *
You hit Terence. You closely miss Terence. Terence hits you with a +0 flail.
* * * LOW HITPOINT WARNING * * *
You hit Terence but do no damage. Terence hits you with a +0 flail!
You die...

.[.........# #
............# #
.#.#...........#########
...#.#.......#......#.÷.
#..%................÷.##
...................÷###
....!...............#
......@.....<........#
.......@..[.........<#
.....................#
.......%............##
.....................
.....=..>............
%###......!........
#....[.......%[.
.................
.#.....$........


You could see Terence.

Vanquished Creatures
  Jessica (D:2)
  An ooze (D:1)
  A dart slug (D:1)
  A leopard gecko (D:2)
  6 bats
  2 giant cockroaches (D:3)
  5 goblins
  2 hobgoblins (D:1)
  4 jackals (D:3)
  A quokka (D:2)
  A ball python (D:3)
  A frilled lizard (D:3)
  2 kobolds
  9 rats
37 creatures vanquished.

Notes
Turn   | Place    | Note
-------+----------+-------------------------------------------
     0 | D:1      | MalarOregon the Merfolk Skald began the quest for the Orb.
     0 | D:1      | Reached XP level 1. HP: 16/16 MP: 3/3
    73 | D:1      | Reached XP level 2. HP: 23/23 MP: 5/5
   585 | D:1      | Reached skill level 4 in Polearms
   719 | D:2      | Reached XP level 3. HP: 29/29 MP: 6/6
   786 | D:2      | Noticed Jessica
   794 | D:2      | Killed Jessica
   911 | D:2      | Found a sparkling altar of Nemelex Xobeh.
  1053 | D:3      | Reached XP level 4. HP: 35/35 MP: 7/7
  1143 | D:3      | Noticed Terence
  1175 | D:3      | Slain by Terence

Skill      XL: |  1  2 |
---------------+-------+-----
Fighting       | 3 |  3.7
Polearms       | 4 |  4.9
Armour         | |  0.6
Dodging        | |  2.6
Spellcasting   | |  2.0
Charms         | |  3.2

Action                   |  1- 3 |  4- 6 || total
-------------------------+-------+-------++-------
Melee: Spear             |    88 |    72 ||   160
  Use: Scroll            |     1 |       ||     1
       Potion            |       |     1 ||     1
 Stab: Sleeping          |     2 |       ||     2
  Eat: Chunk             |       |     1 ||     1
Armor: Leather armour    |    14 |    11 ||    25
Dodge: Dodged            |    32 |    31 ||    63
